 Dungeon Crawl Stone Soup version 0.30.0-13-g156ef70053 (webtiles) character file.

Game seed: 15709335928428769700

68 GigaChad the Shield-Bearer (level 4, 0/37 HPs)
             Began as a Formicid Fighter on May 17, 2023.
             Slain by a gnoll
             ... wielding a +0 spear
              (4 damage)
             ... on level 2 of the Dungeon.
             The game lasted 00:00:56 (408 turns).

GigaChad the Shield-Bearer (Formicid Fighter)        Turns: 408, Time: 00:00:57

Health: 0/37       AC:  7    Str: 22    XL:     4   Next: 41%
Magic:  4/4        EV:  9    Int:  8    God:
Gold:   52         SH:  5    Dex: 13    Spells: 3/3 levels left

rFire   . . .        a - +0 war axe
rCold   . . .        c - +0 buckler
rNeg    . . .        b - +0 scale mail
rPois   .            (helmet unavailable)
rElec   .            (no cloak)
rCorr   .            (no gloves)
SInv    +            (no boots)
Will    .....        h - amulet of regeneration Stlth
                     (no ring)
HPRegen 1.06/turn    (no ring)
MPRegen 0.09/turn

%: no passive effects
@: studying Shields
A: permanent stasis, dig shafts and tunnels, antennae 3, four strong arms
a: Dig, Shaft Self


You were on level 2 of the Dungeon.
You visited 1 branch of the dungeon, and saw 2 of its levels.

You collected 52 gold pieces.

Inventory:

Hand Weapons
 a - a +0 war axe (weapon)
Armour
 b - a +0 scale mail (worn)
 c - a +0 buckler (worn)
Jewellery
 h - an amulet of regeneration (around neck)
Scrolls
 e - 3 scrolls of teleportation
Potions
 d - a potion of might
 g - 2 potions of lignification {unknown}


   Skills:
 * Level 3.7 Fighting
 * Level 3.0 Axes
 * Level 3.9 Armour
 * Level 5.1 Shields


You had 3 spell levels left.
You didn't know any spells.
Your spell library was empty.

Dungeon Overview and Level Annotations

Branches:
Dungeon (2/15)

Altars:


Innate Abilities, Weirdness & Mutations

You cannot be hasted, slowed, berserked, paralysed or teleported.
You can dig through walls and to a lower floor.
You have a pair of large antennae on your head. (SInv)
Your four strong arms can wield two-handed weapons with a shield.


Message History

* * * LOW HITPOINT WARNING * * *
The giant cockroach barely misses you. You block the gnoll's attack.
The giant cockroach misses you.
Unknown command.
You completely miss the giant cockroach.
The giant cockroach is severely wounded.
The giant cockroach barely misses you.
The gnoll hits you from afar with a +0 spear.
* * * LOW HITPOINT WARNING * * *
Unknown command.
You closely miss the giant cockroach.
The giant cockroach is severely wounded.
You block the giant cockroach's attack. The gnoll hits you but does no damage.
The giant cockroach bites you but does no damage.
Unknown command.
You hit the giant cockroach.
You kill the giant cockroach!
The gnoll completely misses you. You block the hobgoblin's attack.
You block the gnoll's attack.
Unknown command.
You closely miss the hobgoblin. The gnoll closely misses you.
The hobgoblin barely misses you.
Unknown command.
You block the gnoll's attack. The hobgoblin hits you.
* * * LOW HITPOINT WARNING * * *
Unknown command.
Unknown command.
The gnoll hits you with a +0 spear.
* * * LOW HITPOINT WARNING * * *
There is a fountain of clear blue water here.
You hit the gnoll.
The gnoll is moderately wounded.
You hit the hobgoblin. The gnoll hits you with a +0 spear.
* * * LOW HITPOINT WARNING * * *
The hobgoblin closely misses you.
Unknown command.
You hit the gnoll but do no damage.
The gnoll is moderately wounded.
You hit the hobgoblin but do no damage. The gnoll hits you with a +0 spear.
You die...

.. #. ..# #. . ...# #.
......#################.
.. #.................'.
#.#.#.#†#############.
...⌠...⌠.#### ##.
#.#.#.#.#.#...# #..
...⌠...@g)....# #..
#.#.#.#g#)#...# #..
..⌠...⌠..### #..
#.#.#.#.#.# #..
..⌠...⌠....# ....
#.#.#.#.#.#.# ##...
.⌠...⌠...⌠..# #.... .#.#
#.#.# # ...... ##.##.


You could see a gnoll and a hobgoblin.

Vanquished Creatures
  3 gnolls (D:2)
  2 adders (D:2)
  2 ball pythons (D:1)
  4 endoplasms
  A giant cockroach (D:2)
  A goblin (D:1)
  3 hobgoblins
  A frilled lizard (D:2)
  3 kobolds
  3 rats (D:2)
23 creatures vanquished.

Notes
Turn   | Place    | Note
-------+----------+-------------------------------------------
     0 | D:1      | GigaChad the Formicid Fighter began the quest for the Orb.
     0 | D:1      | Reached XP level 1. HP: 18/18 MP: 1/1
   122 | D:1      | Reached XP level 2. HP: 24/24 MP: 2/2
   130 | D:1      | You fall into a shaft and drop 1 floor!
   211 | D:2      | Reached XP level 3. HP: 21/29 MP: 3/3
   396 | D:2      | Reached skill level 5 in Shields
   396 | D:2      | Reached XP level 4. HP: 13/37 MP: 4/4
   408 | D:2      | Slain by a gnoll

Illustrated notes

Levels and vault maps discovered:
D:1:      lightli_arrival_lavapool, layout_basic, minmay_misc_feat_encased,
          solitary_fountain
D:2:      layout_basic, kennysheep_crisscross, nrook_mini_vaults,
          grunt_decor_fettered, kennysheep_another_room

Skill      XL: |  1  2  3  4 |
---------------+-------------+-----
Shields        | 5 |  5.1
Axes           | 3 |  3.0
Fighting       | |  3.7
Armour         | |  3.9

Action                     |  1- 3 |  4- 6 || total
---------------------------+-------+-------++-------
  Melee: War axe           |    52 |    10 ||    62
Ability: Dig               |     3 |       ||     3
    Use: Scroll            |     1 |       ||     1
 Armour: Scale mail        |    15 |     3 ||    18
  Dodge: Dodged            |    27 |    13 ||    40
  Block: Buckler           |    22 |     8 ||    30
